 Dungeon Crawl Stone Soup version 0.25.0-11-g1f837a76a1 (webtiles) character file.

Game seed: 6796258996594662249

5839 simples the Cleaver (level 10, 0/90 (91) HPs)
             Began as a Minotaur Berserker on June 25, 2020.
             Was a High Priest of Trog.
             Slain by Snorg (13 damage)
             ... on level 10 of the Dungeon.
             The game lasted 00:14:12 (9124 turns).

simples the Cleaver (Minotaur Berserker)            Turns: 9124, Time: 00:14:12

HP:   0/90 (91)     AC: 14    Str: 24    XL:     10   Next: 51%
MP:   9/9           EV: 10    Int:  4    God:    Trog [*****.]
Gold: 888           SH:  0    Dex: 11    Spells: 9/9 levels left

rFire    . . .     SeeInvis .   q - +0 war axe
rCold    . . .     Gourm    .   (no shield)
rNeg     . . .     Faith    .   x - +0 plate armour
rPois    .         Spirit   .   (helmet restricted)
rElec    .         Reflect  .   e - scarf {repulsion}
rCorr    .         Harm     .   (no gloves)
MR       .....                  (no boots)
Stlth    ..........             y - amulet of regeneration
HPRegen  0.65/turn              (no ring)
MPRegen  0.11/turn              (no ring)

@: berserk cooldown, starving, slowed, repel missiles, very slow
A: retaliatory headbutt, horns 2
a: Berserk, Trog's Hand, Brothers in Arms, Renounce Religion


You were on level 10 of the Dungeon.
You worshipped Trog.
Trog was extremely pleased with you.
You were starving.

You visited 2 branches of the dungeon, and saw 11 of its levels.
You also visited: Bailey.

You collected 1004 gold pieces.
You spent 116 gold pieces at shops.

Inventory:

Hand Weapons
 q - a +0 war axe (weapon)
 D - a +0 broad axe
 E - a +4 whip
Armour
 e - a scarf of repulsion (worn)
 n - a +0 kite shield
 v - a +0 tower shield
 x - a +0 plate armour (worn)
Jewellery
 y - an amulet of regeneration (around neck)
Wands
 o - a wand of digging (3)
Scrolls
 b - 2 scrolls of enchant weapon
 d - a scroll of noise
 f - a scroll of fog
 g - 8 scrolls of teleportation
 i - 2 scrolls of remove curse
 l - a scroll of identify
 r - 3 scrolls of magic mapping
 s - 3 scrolls of fear
 u - 3 scrolls of immolation
 C - a scroll of brand weapon
 G - a scroll of holy word
Potions
 a - 3 potions of haste {unknown}
 h - 2 potions of resistance {unknown}
 j - 2 potions of curing {unknown}
 k - a potion of invisibility {unknown}
 m - 2 potions of lignification {unknown}
 p - a potion of degeneration {unknown}
 t - 2 potions of heal wounds {unknown}
 w - 3 potions of stabbing {unknown}
 z - 2 potions of flight {unknown}
 B - a potion of brilliance {unknown}
Miscellaneous
 F - a phial of floods
Comestibles
 c - 24 rations


   Skills:
 + Level 9.2 Fighting
 * Level 12.3 Axes
 + Level 8.8 Armour
 + Level 8.0 Dodging


You had 9 spell levels left.
You didn't know any spells.
Your spell library was empty.

Dungeon Overview and Level Annotations

Branches:
Dungeon (10/15)            Temple (1/1) D:4          Bailey (visited)
   Lair: D:8-11         Orc: D:9-12

Altars:
Ashenzari
Cheibriados
Dithmenos
Elyvilon
Fedhas
Gozag
Hepliaklqana
Kikubaaqudgha
Makhleb
Nemelex Xobeh
Okawaru
Qazlal
Ru
Sif Muna
Trog
Uskayaw
Vehumet
Wu Jian
Xom
Yredelemnul
Zin
The Shining One

Shops:
D:4 (   D:6 ?

Annotations:
D:9 exclusion: downstairs
D:10 Snorg


Innate Abilities, Weirdness & Mutations

You reflexively headbutt those who attack you in melee.
You have a pair of horns on your head.


Message History

You feel a strong urge to attack something.
You are no longer berserk.
You are exhausted.
You feel yourself slow down. Snorg closely misses you. Snorg claws you.
Snorg closely misses you. Snorg bites you! Snorg completely misses you.
Snorg closely misses you.
A hound comes into view.
Snorg barely misses you. Snorg closely misses you. Snorg claws you!
* * * LOW HITPOINT WARNING * * *
Snorg bites you.
* * * LOW HITPOINT WARNING * * *
Snorg claws you but does no damage. x2; Snorg bites you.
* * * LOW HITPOINT WARNING * * *
Snorg misses you. Snorg barely misses you.
Snorg rages.
The hound bites you but does no damage. Snorg closely misses you.
Snorg claws you.
* * * LOW HITPOINT WARNING * * *
Snorg claws you!
You die...

#.....#.......#
#.....'.......+
#.....#.......#
#.....#.......#
#.....#.......#
#.....#.......######
#.....#.............
#.....#.....T.......
#######.....@h.####
.............#
######...<...#
#######.# .# .. ..
...


You could see Snorg (berserk) and a hound.

Vanquished Creatures
  A two-headed ogre (D:9)
  An orc knight (Bailey)
  Joseph (D:7)
  Grinder (D:6)
  A hornet (D:9)
  Eustachio (D:5)
  Menkaure (D:7)
  A sky beast (D:6)
  A necrophage (D:9)
  2 phantoms
  6 orc warriors
  6 ogres
  A centaur (D:7)
  2 big kobolds (D:8)
  5 bullfrogs
  5 scorpions
  3 crimson imps
  4 hounds
  2 bullfrog skeletons
  5 jellies
  6 orc wizards
  3 centaur skeletons
  4 orc priests
  An iguana (D:9)
  Terence (D:2)
  5 worker ants
  A killer bee zombie (D:5)
  A howler monkey zombie (D:7)
  3 worker ant zombies
  5 gnolls
  8 adders
  4 shadow imps
  5 oozes (D:8)
  An adder skeleton (D:6)
  2 worms
  4 dart slugs
  4 leopard geckos
  27 orcs
  3 giant cockroaches
  6 goblins
  8 hobgoblins
  12 jackals
  16 kobolds
  4 quokkas
  2 ball pythons
  A ball python zombie (D:6)
  6 bats
  3 frilled lizards
  A leopard gecko skeleton (D:9)
  2 quokka skeletons
  5 rats
204 creatures vanquished.

Vanquished Creatures (others)
  A worker ant (D:8)
1 creature vanquished.

Grand Total: 205 creatures vanquished

Notes
Turn   | Place    | Note
-------+----------+-------------------------------------------
     0 | D:1      | simples the Minotaur Berserker began the quest for the Orb.
     0 | D:1      | Reached XP level 1. HP: 19/19 MP: 0/0
   203 | D:1      | Reached XP level 2. HP: 27/27 MP: 1/1
   230 | D:1      | Reached skill level 4 in Axes
   909 | D:2      | Noticed Terence
   915 | D:2      | Killed Terence
   915 | D:2      | Reached XP level 3. HP: 33/33 MP: 2/2
  1118 | D:2      | Reached ** piety under Trog
  1204 | D:2      | Reached XP level 4. HP: 40/40 MP: 3/3
  1813 | D:3      | Reached skill level 5 in Axes
  1931 | D:3      | Reached XP level 5. HP: 47/47 MP: 4/4
  2495 | D:3      | Found a hazy altar of Hepliaklqana.
  2640 | D:4      | Reached XP level 6. HP: 53/55 MP: 5/5
  2641 | D:4      | Reached skill level 6 in Axes
  2666 | D:4      | Found Able's Antique Weapon Emporium.
  2747 | D:4      | Reached skill level 5 in Fighting
  3168 | D:4      | Found a staircase to the Ecumenical Temple.
  3186 | D:4      | Reached *** piety under Trog
  3192 | Temple   | Entered the Ecumenical Temple
  3620 | D:5      | Entered Level 5 of the Dungeon
  3648 | D:5      | Reached XP level 7. HP: 61/61 MP: 6/6
  3711 | D:5      | Reached skill level 7 in Axes
  4175 | D:5      | Noticed Eustachio
  4181 | D:5      | Reached skill level 5 in Armour
  4184 | D:5      | Killed Eustachio
  4620 | D:6      | Reached skill level 8 in Axes
  4620 | D:6      | Reached XP level 8. HP: 52/70 MP: 7/7
  4631 | D:6      | Reached skill level 5 in Dodging
  4855 | D:6      | Noticed Grinder
  4861 | D:6      | Paralysed by Grinder for 2 turns
  4866 | D:6      | Killed Grinder
  4885 | D:6      | Found Vollink's Magic Scroll Emporium.
  4892 | D:6      | Bought a scroll of identify for 26 gold pieces
  4892 | D:6      | Bought a scroll of fear for 45 gold pieces
  4892 | D:6      | Bought a scroll of immolation for 45 gold pieces
  5109 | D:6      | Reached skill level 9 in Axes
  5174 | D:6      | Reached **** piety under Trog
  5378 | D:6      | Reached XP level 9. HP: 66/79 MP: 8/8
  5813 | D:7      | Noticed Joseph
  5820 | D:7      | Reached skill level 10 in Axes
  5824 | D:7      | Killed Joseph
  5933 | D:7      | Found a burning altar of Makhleb.
  5948 | D:7      | Noticed Menkaure
  5954 | D:7      | Killed Menkaure
  6657 | D:8      | Reached skill level 11 in Axes
  6922 | D:8      | Reached ***** piety under Trog
  7217 | D:9      | Found a flagged portal.
  7229 | Bailey   | Entered a bailey
  7288 | Bailey   | Noticed an orc knight
  7289 | Bailey   | Found an iron altar of Okawaru.
  7302 | Bailey   | Killed an orc knight
  7302 | Bailey   | Reached XP level 10. HP: 90/90 MP: 9/9
  7466 | D:9      | Noticed a two-headed ogre
  7481 | D:9      | Killed a two-headed ogre
  7903 | D:9      | Paralysed by a hornet for 2 turns
  7905 | D:9      | Reached skill level 12 in Axes
  8232 | D:10     | Entered Level 10 of the Dungeon
  9109 | D:10     | Noticed Snorg
  9124 | D:10     | Slain by Snorg

Illustrated notes

Levels and vault maps discovered:
D:1:      zelgadis_glass_arrival_small, layout_loops_cross
D:2:      layout_basic, minmay_misc_feat_plants, lightli_corner_chamber,
          uniq_terence
D:3:      layout_rooms, lemuel_doored_altar, dk_vineyard_1
D:4:      layout_gridville, minmay_temple_entry_glass, serial_shops,
          nicolae_shop_overgrown_old_shop
D:5:      layout_gridville, first_ration, minmay_misc_feat_hallway,
          uniq_eustachio
D:6:      layout_basic, serial_shops, shop, uniq_grinder
D:7:      layout_basic, basic_altar, kennysheep_generic_room_12, uniq_menkaure,
          uniq_joseph
D:8:      layout_layer_cave, hangedman_little_slice_of_home
D:9:      layout_loops_corners, enter_bailey_2
D:10:     layout_irregular_city, david_orc_2, kennysheep_small_square,
          uniq_snorg, uniq_grum
Temple:   grunt_wide_crystal_templ

Skill      XL: |  1  2  3  4  5  6  7  8  9 10 |
---------------+-------------------------------+-----
Axes           | 4 5 6 8 9 11 12 | 12.3
Fighting       | 4 5 6 7 8 9 |  9.2
Armour         | 3 4 5 6 8 |  8.8
Dodging        | 3 4 6 7 8 |  8.0

Action                   |  1- 3 |  4- 6 |  7- 9 | 10-12 || total
-------------------------+-------+-------+-------+-------++-------
Melee: Hand axe          |    69 |    51 |       |       ||   120
       Headbutt          |     9 |    19 |    54 |    25 ||   107
       War axe           |       |    61 |   221 |    31 ||   313
       Broad axe         |       |       |       |    76 ||    76
Invok: Berserk           |     1 |     2 |     6 |     4 ||    13
       Brothers in Arms  |       |       |       |     1 ||     1
  Use: Scroll            |       |       |    10 |     1 ||    11
  Eat: Chunk             |     2 |     9 |    14 |     5 ||    30
       Ration            |       |       |     1 |     1 ||     2
Armor: Animal skin       |    14 |       |       |       ||    14
       Chain mail        |    26 |    62 |    30 |       ||   118
       Plate armour      |       |       |    92 |   207 ||   299
Dodge: Dodged            |    51 |    69 |   148 |    43 ||   311
       Repelled          |     4 |     1 |    39 |       ||    44
